 Dungeon Crawl Stone Soup version 0.31-a0-195-g7586a6f1e9 (webtiles) character file.

Game seed: 11803740781921892231

904 qw the Skirmisher (level 7, -2/40 HPs)
             Began as a Deep Elf Hunter on June 24, 2023.
             Was an Initiate of Okawaru.
             Slain by an iguana (8 damage)
             ... on level 7 of the Dungeon.
             The game lasted 00:01:46 (4804 turns).

qw the Skirmisher (Deep Elf Hunter)                 Turns: 4804, Time: 00:01:47

Health: -2/40      AC: 10    Str:  8      XL:     7   Next: 80%
Magic:  8/9        EV: 10    Int: 22      God:    Okawaru [......]
Gold:   239        SH:  0    Dex: 15 (16) Spells: 6/6 levels left

rFire   . . .        q - +0 orcbow
rCold   . . .        (shield currently unavailable)
rNeg    . . .        b - +0 scale mail of the Assorted Wonders {Will++ Regen+}
rPois   +            (no helmet)
rElec   .            d - scarf {repulsion}
rCorr   .            (no gloves)
SInv    .            n - +0 pair of boots
Will    ++...        o - amulet of the acrobat
Stlth   ++           i - ring of poison resistance
HPRegen 1.06/turn    (no ring)
MPRegen 0.11/turn

%: repel missiles, acrobat
@: about to teleport, heroic
A: iridescent scales 1, clever 2, deterioration 1
a: Renounce Religion


You were on level 7 of the Dungeon.
You worshipped Okawaru.
Okawaru was noncommittal.
You visited 2 branches of the dungeon, and saw 8 of its levels.

You collected 347 gold pieces.
You spent 108 gold pieces at shops.


Innate Abilities, Weirdness & Mutations

You are partially covered in iridescent scales. (AC +2)
Your mind is very acute. (Int +8, Str/Dex -2)
Your body sometimes deteriorates upon taking damage.


   Skills:
 + Level 2.3(7.3) Fighting
 - Level 12.2(17.2) Ranged Weapons
 - Level 1.0(6.0) Armour
 - Level 2.4(7.4) Dodging
 - Level 1.2(6.2) Stealth


You had 6 spell levels left.
You didn't know any spells.
Your spell library was empty.

Inventory:

Hand Weapons
 q - a +0 orcbow (weapon)
Armour
 a - a +3 ring mail of cold resistance
 b - the +0 scale mail of the Assorted Wonders (worn) {Will++ Regen+}
   (You found it on level 2 of the Dungeon)

   Regen:     It increases your rate of health regeneration.
   Will:      It greatly increases your willpower.
 d - a scarf of repulsion (worn)
 n - a +0 pair of boots (worn)
 p - a +0 ring mail of fire resistance
Jewellery
 i - a ring of poison resistance (left hand)
 o - an amulet of the acrobat (around neck)
Scrolls
 c - 3 scrolls of teleportation
 f - a scroll of identify
Potions
 e - a potion of degeneration {unknown}
 g - a potion of resistance {unknown}
 h - 2 potions of enlightenment
 j - a potion of mutation
 k - a potion of ambrosia {unknown}
 l - a potion of haste {unknown}
 m - a potion of cancellation {unknown}

Dungeon Overview and Level Annotations

Branches:
Dungeon (7/15)             Temple (1/1) D:4

Altars:
Cheibriados
Dithmenos
Elyvilon
Fedhas
Gozag
Hepliaklqana
Kikubaaqudgha
Makhleb
Nemelex Xobeh
Okawaru
Qazlal
Ru
Sif Muna
Trog
Uskayaw
Vehumet
Wu Jian
Xom
Yredelemnul
Zin
The Shining One

Shops:
D:3 ?

Annotations:
D:5 1 runed translucent door, Crazy Yiuf
D:7 Prince Ribbit


Message History

The hound is heavily wounded.
The white imp hits you but does no damage.
The hound bites you but does no damage.
You shoot an arrow. The arrow hits the hound.
The hound is almost dead.
The hound bites you. The white imp closely misses you.
The iguana barely misses you. The hound barely misses you.
You shoot an arrow. The arrow hits the hound!
You kill the hound!
Okawaru accepts your kill. The iguana closely misses you.
The white imp gestures at you. The puff of frost misses you.
You shoot an arrow. The arrow hits the iguana!
The iguana is severely wounded.
Prince Ribbit catches a baby bat with his tongue.
The iguana barely misses you.
The white imp hits you but does no damage.
Prince Ribbit hits you.
You shoot an arrow. The arrow hits the iguana.
The iguana is severely wounded.
The iguana barely misses you. The white imp closely misses you.
Prince Ribbit barely misses you.
You shoot an arrow.
The arrow hits the iguana but does no damage.
The iguana is severely wounded.
Prince Ribbit hits you. The iguana bites you! The white imp gestures at you.
The puff of frost hits you but does no damage.
Prince Ribbit barely misses you.
You shoot an arrow. The arrow closely misses the iguana.
The iguana bites you!
Your body deteriorates!
You feel clumsy. The white imp gestures at you. The puff of frost hits you!
Prince Ribbit blinks!
4804 ||| READING 4 scrolls of teleportation.
As you read the scroll of teleportation, it crumbles to dust.
You feel strangely unstable.
Prince Ribbit blinks!
The iguana bites you!
You die...

...#. #..#.#
....... #.....
....... #...#
....... ..#....##
.......
#....#..####.......
#.......#.......
##....#<........
##.#...@l......
#....F5¤..####
###.......#
#.........
.........$...
..............
.........#.....
.........#¤....


You could see Prince Ribbit, an iguana and a white imp.

Vanquished Creatures
  A water moccasin (D:5)
  A sky beast (D:6)
  A phantom (D:5)
  A bullfrog (D:6)
  2 scorpions (D:6)
  2 hounds
  3 orc priests
  An iguana (D:4)
  4 orc wizards
  3 gnolls (D:2)
  4 adders
  3 white imps (D:5)
  A worm (D:2)
  A dart slug (D:1)
  7 orcs
  4 bats
  6 endoplasms
  2 giant cockroaches
  7 goblins
  3 hobgoblins
  9 jackals
  9 kobolds
  4 quokkas
  5 ball pythons
  A frilled lizard (D:1)
  6 rats
91 creatures vanquished.

Notes
Turn   | Place    | Note
-------+----------+-------------------------------------------
     0 | D:1      | qw the Deep Elf Hunter began the quest for the Orb.
     0 | D:1      | Reached XP level 1. HP: 12/12 MP: 3/3
     0 | D:1      | 0 ||| qw: Version: 0.3-a-9-g12657ce
     0 | D:1      | 0 ||| qw: Game counter: 4759
     0 | D:1      | 0 ||| qw: Always use a shield: true
     0 | D:1      | 0 ||| qw: God list: Okawaru
     0 | D:1      | 0 ||| qw: Allow faded altars: false
     0 | D:1      | 0 ||| qw: Do Orc after D:15 true
     0 | D:1      | 0 ||| qw: Do second Lair branch before Depths: true
     0 | D:1      | 0 ||| qw: Lair rune preference: random
     0 | D:1      | 0 ||| qw: Plans: Normal
     0 | D:1      | 0 ||| PLANNING D:1-11
   147 | D:1      | Reached skill level 6 in Ranged Weapons
   147 | D:1      | Reached XP level 2. HP: 9/16 MP: 4/4
   677 | D:1      | 677 ||| UPGRADING to scarf of repulsion.
   682 | D:1      | 682 ||| READING scroll labelled PATAID YQAQISH.
   683 | D:1      | 683 ||| READING scroll labelled ATHISUV ESKIPP.
   684 | D:1      | 684 ||| READING scroll labelled SOCWOS MOENOK.
   685 | D:1      | 685 ||| READING scroll labelled POACIL TUOMAU.
   686 | D:1      | 686 ||| DROPPING scroll of butterflies.
   741 | D:2      | Identified the +0 scale mail of the Assorted Wonders
                  | {Will++ Regen+}
   763 | D:2      | Reached XP level 3. HP: 18/20 MP: 5/5
   780 | D:2      | Found a faded altar of an unknown god.
  1002 | D:2      | Reached skill level 7 in Ranged Weapons
  1085 | D:2      | Reached XP level 4. HP: 25/25 MP: 6/6
  1403 | D:2      | 1403 ||| UPGRADING to +0 scale mail.
  1413 | D:2      | 1413 ||| UPGRADING to +0 scale mail of the Assorted Wonders
                  | {Will++ Regen+}.
  1423 | D:2      | 1423 ||| DROPPING +0 scale mail.
  1424 | D:2      | 1424 ||| DROPPING +0 leather armour.
  1425 | D:2      | 1425 ||| UPGRADING to ring of poison resistance.
  1426 | D:2      | 1426 ||| READING scroll labelled SETWUA ROXKA.
  1427 | D:2      | 1427 ||| READING 2 scrolls of identify.
  1427 | D:2      | 1427 ||| IDENTIFYING bubbling emerald potion
  1428 | D:2      | 1428 ||| DROPPING potion of berserk rage.
  1540 | D:3      | Reached skill level 8 in Ranged Weapons
  1572 | D:3      | Reached XP level 5. HP: 27/29 MP: 7/7
  1627 | D:3      | Found Ugyoshio's Magic Scroll Emporium.
  1636 | D:3      | 1636 ||| BUYING 2 scrolls of teleportation (72 gold).
  1636 | D:3      | Bought 2 scrolls of teleportation for 72 gold pieces
  1636 | D:3      | 1636 ||| SHOPLISTING 3 scrolls of identify (72 gold, have
                  | 59).
  1636 | D:3      | 1636 ||| SHOPLISTING scroll of enchant armour (90 gold,
                  | have 59).
  1636 | D:3      | 1636 ||| SHOPLISTING scroll of enchant weapon (90 gold,
                  | have 59).
  1636 | D:3      | 1636 ||| BUYING scroll of teleportation (36 gold).
  1636 | D:3      | Bought a scroll of teleportation for 36 gold pieces
  1713 | D:3      | Found a glowing golden altar of the Shining One.
  2090 | D:3      | 2090 ||| UPGRADING to +0 pair of boots.
  2095 | D:3      | 2095 ||| DROPPING ring of wizardry.
  2096 | D:3      | 2096 ||| READING scroll labelled WUZEUS PIAMI.
  2097 | D:3      | 2097 ||| READING scroll labelled DIFEOX LUATISS.
  2111 | D:4      | Reached skill level 9 in Ranged Weapons
  2136 | D:4      | 2136 ||| Stepping ~*~*~tactically~*~*~ (outnumbered).
  2138 | D:4      | 2138 ||| Stepping ~*~*~tactically~*~*~ (outnumbered).
  2140 | D:4      | 2140 ||| Stepping ~*~*~tactically~*~*~ (outnumbered).
  2147 | D:4      | Reached skill level 1 in Armour
  2159 | D:4      | Reached XP level 6. HP: 35/35 MP: 8/8
  2464 | D:4      | Found a staircase to the Ecumenical Temple.
  2465 | D:4      | 2465 ||| PLANNING TEMPLE
  2465 | D:4      | 2465 ||| DRINKING 2 grey potions.
  2474 | Temple   | Entered the Ecumenical Temple
  2475 | Temple   | 2475 ||| PLANNING OKAWARU WORSHIP
  2661 | Temple   | Became a worshipper of Warmaster Okawaru
  2662 | Temple   | 2662 ||| PLANNING D:1-11
  3083 | D:4      | 3083 ||| READING 3 scrolls labelled VUILA KYKIRGH.
  3099 | D:4      | 3099 ||| DRINKING 2 golden potions.
  3100 | D:4      | 3100 ||| DRINKING 3 puce potions.
  3100 | D:4      | Gained mutation: You occasionally lose the ability to drink
                  | potions when taking damage. [potion of mutation]
  3100 | D:4      | Gained mutation: You are partially covered in large bone
                  | plates. (SH +4) [potion of mutation]
  3101 | D:4      | 3101 ||| DRINKING 2 potions of mutation.
  3101 | D:4      | Lost mutation: You occasionally lose the ability to drink
                  | potions when taking damage. [potion of mutation]
  3101 | D:4      | Lost mutation: You are partially covered in large bone
                  | plates. (SH +4) [potion of mutation]
  3101 | D:4      | Gained mutation: Your body sometimes deteriorates upon
                  | taking damage. [potion of mutation]
  3101 | D:4      | Gained mutation: You are partially covered in iridescent
                  | scales. (AC +2) [potion of mutation]
  3101 | D:4      | Gained mutation: Your mind is acute. (Int +4, Str/Dex -1)
                  | [potion of mutation]
  3101 | D:4      | Gained mutation: Your mind is very acute. (Int +8, Str/Dex
                  | -2) [potion of mutation]
  3102 | D:4      | 3102 ||| READING 2 scrolls of identify.
  3102 | D:4      | 3102 ||| IDENTIFYING blue potion
  3103 | D:4      | 3103 ||| DROPPING potion of attraction.
  3104 | D:4      | 3104 ||| DROPPING 2 scrolls of torment.
  3142 | D:5      | Entered Level 5 of the Dungeon
  3189 | D:5      | Reached skill level 10 in Ranged Weapons
  3367 | D:5      | Noticed a water moccasin
  3383 | D:5      | Killed a water moccasin
  3384 | D:5      | Reached XP level 7. HP: 30/40 MP: 9/9
  3768 | D:5      | Found a runed translucent door.
  3769 | D:5      | Noticed Crazy Yiuf
  4009 | D:5      | 4009 ||| READING scroll labelled KEBAUXZ AMAIV.
  4102 | D:6      | Reached skill level 11 in Ranged Weapons
  4221 | D:6      | HP: 10/40 [sky beast (6)]
  4222 | D:6      | 4222 ||| READING 5 scrolls of teleportation.
  4222 | D:6      | HP: 2/40 [sky beast (5)]
  4223 | D:6      | 4223 ||| DRINKING potion of heal wounds.
  4379 | D:6      | 4379 ||| SWAPPING to +0 orcbow.
  4392 | D:6      | 4392 ||| DROPPING +1 shortbow.
  4761 | D:6      | 4761 ||| UPGRADING to amulet of the acrobat.
  4777 | D:7      | 4777 ||| STAIRDANCE
  4780 | D:6      | Reached * piety under Okawaru
  4781 | D:6      | Reached skill level 12 in Ranged Weapons
  4795 | D:7      | Noticed Prince Ribbit
  4796 | D:7      | 4796 ||| INVOKING Heroism.
  4803 | D:7      | HP: 4/40 [white imp/puff of frost (8)]
  4804 | D:7      | 4804 ||| READING 4 scrolls of teleportation.
  4804 | D:7      | Slain by an iguana

Levels and vault maps discovered:
D:1:      dpeg_arrival_pond, layout_loops_cross
D:2:      layout_loops_cross, shapermc_ecumenical_altar_starsandcircs
D:3:      layout_loops_ring, general_overflow_altar, serial_shops, shop
D:4:      layout_loops_ring, temple_hall, hangedman_decor_lopped
D:5:      layout_loops_corners, uniq_crazy_yiuf_cottage
D:6:      layout_cave_pods
D:7:      layout_rooms, gammafunk_ghost_necromancy, uniq_prince_ribbit1
Temple:   nicolae_temple_bog_church

Skill      XL: |  1  2  3  4  5  6  7 |
---------------+----------------------+-----
Ranged Weapons | 6 7 8 9 10 12 | 12.2
Armour         | 1 |  1.0
Fighting       | 2 |  2.3
Dodging        | |  2.4
Stealth        | |  1.2

Action                     |  1- 3 |  4- 6 |  7- 9 || total
---------------------------+-------+-------+-------++-------
   Fire: Shortbow          |   110 |   173 |    36 ||   319
         Orcbow            |       |       |    26 ||    26
 Invoke: Heroism           |       |       |     1 ||     1
    Use: Scroll            |     4 |     6 |     3 ||    13
         Potion            |       |     4 |     1 ||     5
 Armour: Leather armour    |     9 |       |       ||     9
         Scale mail        |       |    45 |    20 ||    65
  Dodge: Dodged            |    24 |    44 |    29 ||    97
         Repelled          |       |     1 |     1 ||     2

Table legend:
 A = Non-vault XP
 B = Vault XP
 C = Vault XP percentage of total XP
 D = Non-vault monster count
 E = Vault monster count
 F = Vault count percentage of total count
                 A         B        C        D         E       F
            +---------+---------+-------+---------+---------+-------
      Total |    1292 |       0 |   0.0 |      91 |       0 |   0.0
            +---------+---------+-------+---------+---------+-------
        D:1 |      31 |       0 |   0.0 |      18 |       0 |   0.0
        D:2 |      85 |       0 |   0.0 |      20 |       0 |   0.0
        D:3 |     157 |       0 |   0.0 |      16 |       0 |   0.0
        D:4 |     232 |       0 |   0.0 |      22 |       0 |   0.0
        D:5 |     299 |       0 |   0.0 |       7 |       0 |   0.0
        D:6 |     443 |       0 |   0.0 |       7 |       0 |   0.0
        D:7 |      45 |       0 |   0.0 |       1 |       0 |   0.0
            +---------+---------+-------+---------+---------+-------
